cohdb
Replays
Latest Replays
All Replays
Popular Replays
Top Player Replays
Match Explorer
How It Works
Community
CoH3 Stats
Reddit
Sign in to upload your games and track your stats! →
Sign in with Steam
Match 44126812
Unlisted
Match 44126812
Overview
Messages
Build Orders
End
Selects Panzerjäger Kommand Battlegroup
Panzergrenadier Squad
250 Light Carrier
Panzergrenadier Squad
Panzergrenadier Squad
Selects Tank Busters
Construct Light Support Kompanie
2.5-tonne Medical Truck
Fire Support Elements
Flakvierling Half-track
Vehicle Survival Package
Selects Crew Shock Tactics
Pak 38 Mechanized Group
Combat Half-tracks
Veteran Squad Leaders
Construct Panzerarmee Kommand
Walking Stuka Rocket Launcher
Selects Mine Fields
2.5-tonne Medical Truck
Panzer III L Medium Tank
Pak 38 Mechanized Group
2.5-tonne Medical Truck
Selects Elefant Tank Destroyer
Selects Early Warning
Walking Stuka Rocket Launcher
[BPX] Kronosaur0s
Calosius
Symbiosis
CAuMOH
0
0
Comments
sign in to comment!
No comments posted yet!